 Dungeon Crawl Stone Soup version 0.24-a0-479-g9a978d2894 (webtiles) character file.

Game seed: 9405890311052509726

50 gruber the Slasher (level 3, 0/19 HPs)
             Began as a Vine Stalker Fighter on July 8, 2019.
             Succumbed to an adder's poison
             ... on level 2 of the Dungeon.
             The game lasted 00:01:06 (1014 turns).

gruber the Slasher (Vine Stalker Fighter)           Turns: 1014, Time: 00:01:06

Health: 0/19       AC:  6    Str: 19    XL:     3   Next: 79%
Magic:  3/4        EV:  7    Int:  8    God:
Gold:   39         SH:  9    Dex: 13    Spells: 2/2 levels left

rFire    . . .     SeeInvis .   a - +0 long sword
rCold    . . .     Gourm    .   c - +0 shield
rNeg     . . .     Faith    .   b - +0 scale mail
rPois    .         Spirit   +   (no helmet)
rElec    .         Reflect  .   (no cloak)
rCorr    .         Harm     .   (no gloves)
MR       .....                  (no boots)
Stlth    ..........             (no amulet)
HPRegen  0.06/turn              (no ring)
MPRegen  0.09/turn              (no ring)

@: lethally poisoned (0 -> -7), flying
A: fangs 2, magic shield, antimagic bite, no potion heal 3, rot immunity
a: no special abilities


You were on level 2 of the Dungeon.
You were hungry.

You visited 1 branch of the dungeon, and saw 2 of its levels.

You collected 39 gold pieces.

Inventory:

Hand Weapons
 a - a +0 long sword (weapon)
Armour
 b - a +0 scale mail (worn)
 c - a +0 shield (worn)
Scrolls
 e - a scroll of fear {unknown}
Potions
 d - a potion of might
Comestibles
 f - 4 rations


   Skills:
 - Level 2.6 Fighting
 + Level 3.6 Long Blades
 - Level 2.4 Armour
 - Level 2.6 Shields


You had 2 spell levels left.
You didn't know any spells.
Your spell library was empty.

Dungeon Overview and Level Annotations

Branches:
Dungeon (2/15)

Altars:


Innate Abilities, Weirdness & Mutations

You have extremely sharp teeth.
When hurt, damage is shared between your health and your magic reserves.
Your bite disrupts and absorbs the magic of your enemies.
Potions cannot restore your health.
You are immune to rotting.


Message History

You are more poisoned.
The adder poisons you!
Unknown command.
You are feeling hungry.
You closely miss the adder. You bite the adder.
You kill the adder!
* * * LOW HITPOINT WARNING * * *
You feel sick. You block the frilled lizard's attack.
You slash the frilled lizard!
You kill the frilled lizard!
* * * LOW HITPOINT WARNING * * *
You feel sick.
Unknown command.
It was a potion of flight.
You feel very buoyant.
You fly up into the air.
There is a lethal amount of poison in your body!
* * * LOW HITPOINT WARNING * * *
You feel sick.
You die...

.≈≈.##.# ##≈≈.#.##
##...#..#######
#..........♣#≈###
.......≈..≈..≈..#
###..≈.≈#...#≈..##
##†)≈≈♣.≈.≈≈...#
....≈.≈≈≈.≈≈≈...#
#.##.≈.≈≈.≈.≈≈≈.@#
. ...≈≈...≈♣≈.≈.†#
....≈#.≈≈≈≈♣.≈..#
....≈##≈♣#♣≈≈...#
......###.#≈≈≈#..#
#####..# ...#
##..# #..#


There were no monsters in sight!

Vanquished Creatures
  An adder (D:2)
  An ooze (D:1)
  2 dart slugs (D:1)
  A leopard gecko (D:1)
  4 giant cockroaches (D:1)
  2 goblins (D:2)
  4 hobgoblins
  4 jackals (D:2)
  3 bats
  3 frilled lizards
  3 kobolds
  2 rats (D:1)
30 creatures vanquished.

Notes
Turn   | Place    | Note
-------+----------+-------------------------------------------
     0 | D:1      | gruber the Vine Stalker Fighter began the quest for the
                  | Orb.
     0 | D:1      | Reached XP level 1. HP: 11/11 MP: 2/2
    55 | D:1      | Reached skill level 2 in Long Blades
   152 | D:1      | Reached XP level 2. HP: 16/16 MP: 3/3
   502 | D:1      | Reached skill level 3 in Long Blades
   581 | D:1      | Reached XP level 3. HP: 18/19 MP: 4/4
  1014 | D:2      | Succumbed to an adder's poison

Levels and vault maps discovered:
D:1:      kilobyte_arrival_exit_the_forest, layout_loops_corners
D:2:      layout_loops_ring, lemuel_coloured_pillars_altar, old_standard_altar,
          serial_rivers, chequers_serial_rivers_small_b,
          chequers_serial_rivers_large_a, chequers_serial_rivers_marsh,
          chequers_serial_rivers_micro_e, chequers_serial_rivers_room_a

Skill      XL: |  1  2 |
---------------+-------+-----
Long Blades    | 2 3 |  3.6
Fighting       | |  2.6
Armour         | |  2.4
Shields        | |  2.6

Action                   || total
-------------------------++-------
Melee: Long sword        ||    83
       Bite              ||    20
  Use: Potion            ||     1
Armor: Scale mail        ||    49
Dodge: Dodged            ||    29
Block: Shield            ||    58
       Rpst.: Long sword ||     8

Table legend:
 A = Non-vault XP
 B = Vault XP
 C = Vault XP percentage of total XP
 D = Non-vault monster count
 E = Vault monster count
 F = Vault count percentage of total count
                 A         B        C        D         E       F
            +---------+---------+-------+---------+---------+-------
      Total |      72 |       0 |   0.0 |      30 |       0 |   0.0
            +---------+---------+-------+---------+---------+-------
        D:1 |      40 |       0 |   0.0 |      18 |       0 |   0.0
        D:2 |      32 |       0 |   0.0 |      12 |       0 |   0.0
            +---------+---------+-------+---------+---------+-------
